 Dungeon Crawl Stone Soup version 0.21.0-22-g11d5b5247c (webtiles) character file.

292 Esekla the Cutter (level 6, 0/41 HPs)
             Began as an Octopode Wanderer on Jan 19, 2018.
             Slain by a bullfrog (8 damage)
             ... in a sewer.
             The game lasted 00:15:54 (2259 turns).

Esekla the Cutter (Octopode Wanderer)               Turns: 2259, Time: 00:15:55

Health: 0/41       AC:  1    Str: 12    XL:     6   Next: 33%
Magic:  10/10      EV: 16    Int: 13    God:
Gold:   141        SH:  0    Dex: 19    Spells: 11/11 levels left

rFire    . . .     SeeInvis .   a - +2 dagger
rCold    . . .     Gourm    .   (no shield)
rNeg     . . .     Faith    .   (helmet restricted)
rPois    .         Spirit   .   (no amulet)
rElec    .         Reflect  .   (no ring)
rCorr    .         Harm     .   (no ring)
MR       .....                  (no ring)
Stlth    +++++.....             (no ring)
HPRegen  0.13/turn              (no ring)
MPRegen  0.12/turn              (no ring)
                                (no ring)
                                (no ring)

@: agile, lethally poisoned (0 -> -2), constricted
A: almost no armour, stealthy swim, amphibious, 8 rings, constrict 8, camouflage
1, gelatinous body 1
a: no special abilities


You were in a sewer.
You were not hungry.

You visited 1 branch of the dungeon, and saw 4 of its levels.
You also visited: Sewer.

You collected 141 gold pieces.

Inventory:

Hand Weapons
 a - a +2 dagger (weapon)
Scrolls
 d - 3 scrolls of teleportation
 e - a scroll of fear {unknown}
 h - a scroll of amnesia {unknown}
 j - 2 scrolls of remove curse {unknown}
 m - a scroll of identify {unknown}
 n - a scroll of fog {unknown}
 p - a scroll of enchant armour {unknown}
Potions
 g - a potion of resistance {unknown}
 i - a potion of agility
 k - a potion of cancellation {unknown}
 l - a potion of degeneration {unknown}
 o - 2 potions of curing {unknown}
 q - a potion of haste {unknown}
Books
 c - Ahimat's Almanac of Summoning

   Spells                             Type                      Level
   a - Summon Butterflies             Summoning                    1
   b - Recall                         Summoning/Translocation      3
Comestibles
 f - a ration


   Skills:
 * Level 2.8 Fighting
 * Level 4.2 Short Blades
 * Level 2.6 Dodging
 - Level 2.6 Stealth
 - Level 3.0 Spellcasting
   Level 1.0 Conjurations
   Level 1.0 Necromancy
   Level 2.0 Fire Magic
   Level 1.0 Ice Magic


You had 11 spell levels left.
You didn't know any spells.

Dungeon Overview and Level Annotations

Branches:
Dungeon (4/15)
 Temple: D:4-7

Altars:
Xom
Yredelemnul

Annotations:
D:4 1 runed door, eskilway's ghost, novice TrMo


Innate Abilities, Weirdness & Mutations

You cannot wear most types of armour.
You are very stealthy in the water. (Stealth+)
You are amphibious.
You can wear up to eight rings at the same time.
You can use your tentacles to constrict eight enemies at once.
Your skin changes colour to match your surroundings (Stealth+).
Your rubbery body absorbs attacks. (AC +1, EV +1)


Message History

You closely miss the adder. You grab the adder. You constrict the adder.
The bullfrog hits you! The ball python barely misses you.
The ball python bites you. The ball python closely misses you.
The ball python constricts you. The adder barely misses you.
You barely miss the adder.
The adder is lightly wounded.
You constrict the adder. The bullfrog hits you.
* * * LOW HITPOINT WARNING * * *
The ball python bites you.
* * * LOW HITPOINT WARNING * * *
The ball python closely misses you. x2
* * * LOW HITPOINT WARNING * * *
The ball python constricts you. The adder closely misses you.
The bullfrog barely misses you.
It was a potion of agility.
You feel agile all of a sudden.
You constrict the adder, but do no damage.
You feel sick. The ball python closely misses you. x3
The ball python constricts you. The bullfrog hits you!
You die...

#≈≈†÷≈≈#
#≈≈≈≈≈≈#
#≈≈≈≈≈≈#
#≈≈≈≈≈≈#
#≈≈≈≈≈≈#
#≈≈≈≈≈≈#
#≈≈≈≈≈≈#
#≈≈≈≈≈≈#
##≈≈≈≈##
#≈≈≈≈≈≈#
#≈≈|.≈≈#
#≈≈≈≈≈≈#
##≈≈≈≈≈#
#≈≈≈≈.≈#
#≈≈≈≈≈≈#
#≈F≈≈.≈#
#≈≈≈≈≈≈#
#≈S@≈≈≈#
#≈≈≈≈≈≈#
#≈SSS#≈#
#≈≈≈≈≈≈#
#≈≈J≈≈≈#
#≈≈≈≈≈≈#
#≈≈≈≈≈≈#
#≈≈≈≈≈≈#
#≈≈≈≈≈≈#
#≈≈≈≈≈≈#
#≈≈≈≈≈≈#
#.≈≈≈≈##
##≈≈≈≈.#
#......#
......#
......##
......#


You could see a bullfrog, an ooze, an adder and 3 ball pythons.

Vanquished Creatures
  A bullfrog (Sewer)
  A human zombie (D:4)
  8 adders
  3 river rats (Sewer)
  4 worms
  A dart slug (D:1)
  A leopard gecko (D:1)
  9 orcs (D:3)
  3 giant cockroaches
  5 goblins
  8 hobgoblins
  2 jackals (D:3)
  A quokka (D:3)
  11 ball pythons
  3 bats
  2 frilled lizards
  5 kobolds
  26 rats
94 creatures vanquished.

Notes
Turn   | Place    | Note
-------+----------+-------------------------------------------
     0 | D:1      | Esekla the Octopode Wanderer began the quest for the Orb.
     0 | D:1      | Esekla set off with: a +2 dagger, a potion of heal wounds, Ahimat's Almanac of Summoning, a scroll of teleportation, a ration
     0 | D:1      | Reached XP level 1. HP: 11/11 MP: 4/4
     0 | D:1      | Identified Ahimat's Almanac of Summoning
   147 | D:1      | Reached XP level 2. HP: 18/18 MP: 6/6
   280 | D:1      | Reached skill level 1 in Short Blades
   332 | D:1      | Reached skill level 1 in Fighting
   332 | D:1      | Reached skill level 1 in Dodging
   610 | D:2      | Reached XP level 3. HP: 23/23 MP: 7/7
   939 | D:2      | Reached skill level 2 in Short Blades
   939 | D:2      | Reached XP level 4. HP: 25/29 MP: 8/8
  1372 | D:3      | Found a shimmering altar of Xom.
  1543 | D:4      | Found a runed door.
  1543 | D:4      | Noticed a human
  1554 | D:4      | Reached skill level 3 in Short Blades
  1554 | D:4      | Reached XP level 5. HP: 23/34 MP: 9/9
  1560 | D:4      | Found a basalt altar of Yredelemnul.
  1710 | D:4      | Noticed eskilway's ghost (novice TrMo)
  1723 | D:4      | Found a glowing drain.
  1732 | Sewer    | Entered a sewer
  2227 | Sewer    | Reached XP level 6. HP: 41/41 MP: 10/10
  2251 | Sewer    | Reached skill level 4 in Short Blades
  2259 | Sewer    | Slain by a bullfrog

Skill      XL: |  1  2  3  4  5  6 |
---------------+-------------------+-----
Short Blades   | 1 2 3 4 |  4.2
Fighting       | 1 2 |  2.8
Dodging        | 1 2 |  2.6
Stealth        | |  2.6
Spellcasting   | |  3.0
Conjurations   | |  1.0
Necromancy     | |  1.0
Fire Magic     | |  2.0
Ice Magic      | |  1.0

Action                   |  1- 3 |  4- 6 || total
-------------------------+-------+-------++-------
Melee: Dagger            |    59 |   130 ||   189
       Constrict         |    15 |    33 ||    48
       Tentacles         |    10 |    27 ||    37
  Use: Potion            |       |     2 ||     2
 Stab: Sleeping          |    12 |     7 ||    19
       Distracted        |       |     1 ||     1
  Eat: Ration            |       |     2 ||     2
Armor: Skin              |     5 |     3 ||     8
Dodge: Dodged            |    26 |    77 ||   103
